 Dungeon Crawl Stone Soup version 0.29.1-1-gd02db6906a (webtiles) character file.

Game seed: 15782175437058005489

57556 Earthwalker the Impaler (level 14, -5/133 HPs)
             Began as a Minotaur Fighter on Oct 5, 2022.
             Was an Initiate of Gozag.
             Slain by Saint Roka
             ... wielding a +0 vorpal war axe
              (19 damage)
             ... on level 1 of the Elven Halls.
             The game lasted 02:55:27 (23022 turns).

Earthwalker the Impaler (Minotaur Fighter)         Turns: 23022, Time: 02:55:28

Health: -5/133     AC: 20    Str: 22    XL:     14   Next: 46%
Magic:  13/13      EV: 17    Int:  6    God:    Gozag
Gold:   1517       SH: 10    Dex: 20    Spells: 13/13 levels left

rFire   . . .      SeeInvis .   A - +3 trident (flame)
rCold   . . .      Faith    .   c - +2 buckler
rNeg    + . .      Spirit   .   C - +3 chain mail {rN+}
rPois   +          Reflect  .   (helmet restricted)
rElec   .          Harm     .   (no cloak)
rCorr   .          Rampage  .   E - +0 pair of gloves of Darkness {Will+ Regen+ Slay+3}
Will    +++..                   Z - +1 pair of boots
Stlth   ..........              (no amulet)
HPRegen 1.12/turn               g - ring of poison resistance
MPRegen 0.13/turn               V - ring of the Bull {Will+ EV+4 Int+3 Dex+6}

@: no status effects
A: horns 2, retaliatory headbutt, dopey 1
a: Renounce Religion, Potion Petition, Call Merchant, Bribe Branch


You were on level 1 of the Elven Halls.
You worshipped Gozag.
Gozag was most pleased with you.
You visited 5 branches of the dungeon, and saw 18 of its levels.
You also visited: Ice Cave.

You collected 4374 gold pieces.
You spent 2722 gold pieces at shops.
You paid 135 gold pieces to Gozag.

Inventory:

Hand Weapons
 A - a +3 trident of flaming (weapon)
 Q - the +7 long sword "Imp's Undoing" {venom, MP-9 Dex+8}
   (You found it on level 11 of the Dungeon)

   It poisons the flesh of those it strikes.
   Dex:       It affects your dexterity (+8).
   MP:        It affects your magic capacity (-9).
Missiles
 p - 6 atropa-tipped darts
 r - 38 poisoned darts (quivered)
 H - 2 throwing nets
Armour
 c - a +2 buckler (worn)
 o - the +2 leather armour "Gealad" {Int+3}
   (You found it on level 2 of the Dungeon)

   Int:       It affects your intelligence (+3).
 C - a +3 chain mail of positive energy (worn)
 E - the +0 pair of gloves of Darkness (worn) {Will+ Regen+ Slay+3}
   (You bought it in a shop on level 3 of the Dungeon)

   Slay:      It affects your accuracy & damage with ranged weapons and melee
   (+3).
   Regen:     It increases your rate of health regeneration.
   Will:      It increases your willpower.
 Z - a +1 pair of boots (worn)
Jewellery
 b - a +4 ring of evasion
 e - a ring of ice
 g - a ring of poison resistance (left hand)
 F - a ring of protection from cold
 T - the amulet "Gitt" {Faith rN+}
   (You bought it in a shop on level 1 of the Orcish Mines)

   [amulet of faith]

   It allows you to gain divine favour quickly.
   rN:        It protects you from negative energy.
 V - the ring of the Bull (right hand) {Will+ EV+4 Int+3 Dex+6}
   (You bought it in a shop on level 1 of the Orcish Mines)

   [ring of evasion]

   EV:        It affects your evasion (+4).
   Int:       It affects your intelligence (+3).
   Dex:       It affects your dexterity (+6).
   Will:      It increases your willpower.
Wands
 h - a wand of roots (14)
 q - a wand of light (17)
 N - a wand of charming (2)
 P - a wand of mindburst (22)
 S - a wand of digging (2)
 X - a wand of flame (11)
Scrolls
 a - 2 scrolls of fear
 k - 3 scrolls of noise
 m - 7 scrolls of teleportation
 u - 2 scrolls of silence
 w - a scroll of torment
 y - 2 scrolls of amnesia
 B - 3 scrolls of magic mapping
 I - 2 scrolls of fog
 M - a scroll of blinking
 O - a scroll of vulnerability
 U - 2 scrolls of identify
 W - a scroll of enchant weapon {unknown}
Potions
 d - 5 potions of might
 f - 3 potions of ambrosia
 i - 4 potions of flight
 j - 4 potions of mutation
 l - 5 potions of degeneration
 n - 2 potions of magic
 s - 6 potions of curing
 t - 3 potions of invisibility
 v - a potion of berserk rage {unknown}
 x - 2 potions of attraction
 z - 4 potions of haste
 G - 6 potions of brilliance
 L - a potion of resistance
 R - 3 potions of heal wounds
 Y - a potion of lignification
Miscellaneous
 K - a box of beasts


   Skills:
 * Level 14.7 Fighting
 + Level 16.4 Polearms
 + Level 15.0 Armour
 + Level 7.7 Dodging
 + Level 2.6 Stealth
 + Level 13.9 Shields


You had 13 spell levels left.
You didn't know any spells.
Your spell library contained the following spells:

 Spells                   Type           Power      Damage    Failure   Level
 Beastly Appendage        Tmut           0%         N/A       95%         1
 Blink                    Tloc           0%         N/A       99%         2
 Wereblood                Tmut           0%         N/A       99%         2
 Spider Form              Tmut/Pois      0%         N/A       100%        3
 Manifold Assault         Tloc           0%         N/A       100%        5
 Conjure Ball Lightning   Conj/Air       0%         3x3d6     100%        6
 Storm Form               Tmut/Air       0%         N/A       100%        7
 Discord                  Hex            0%         N/A       100%        8
 Disjunction              Tloc           0%         N/A       100%        8


Dungeon Overview and Level Annotations

Branches:
Dungeon (12/15)            Temple (1/1) D:7            Lair (1/5) D:9
    Orc (2/2) D:12            Elf (2/3) Orc:2         IceCv (visited)

Altars:
Dithmenos
Elyvilon
Fedhas
Gozag
Kikubaaqudgha
Makhleb
Nemelex Xobeh
Okawaru
Qazlal
Ru
Sif Muna
Trog
Uskayaw
Vehumet
Wu Jian
Xom
Zin
The Shining One

Shops:
D:3 [   D:11 *   Orc:1 (=?   Orc:2 *[**?!*[

Annotations:
Elf:1 Saint Roka


Innate Abilities, Weirdness & Mutations

You have a pair of horns on your head.
You reflexively headbutt those who attack you in melee.
You are dopey. (Int -2)


Message History

Saint Roka is heavily wounded.
You puncture Saint Roka! You burn Saint Roka.
Saint Roka is heavily wounded.
Saint Roka mumbles some strange prayers to Beogh against you.
Beogh smites you!
You completely miss Saint Roka. You headbutt Saint Roka!
Saint Roka is heavily wounded.
Saint Roka hits you with a +0 vorpal war axe.
* * * LOW HITPOINT WARNING * * *
You hit Saint Roka but do no damage. You headbutt Saint Roka!
Saint Roka is severely wounded.
You barely miss Saint Roka. You headbutt Saint Roka!
Saint Roka is severely wounded.
Saint Roka calls down the wrath of Beogh upon you.
Beogh smites you!
* * * LOW HITPOINT WARNING * * *
You puncture Saint Roka! You burn Saint Roka. You headbutt Saint Roka.
Saint Roka is severely wounded.
You hit Saint Roka. You burn Saint Roka. You headbutt Saint Roka!
Saint Roka is almost dead.
You block Saint Roka's attack.
You hit Saint Roka but do no damage.
You headbutt Saint Roka, but do no damage.
Saint Roka is almost dead.
Saint Roka hits you with a +0 vorpal war axe.
* * * LOW HITPOINT WARNING * * *
x2 You hit Saint Roka.
You burn Saint Roka.
Saint Roka is almost dead.
You hit Saint Roka but do no damage. You headbutt Saint Roka.
Saint Roka is almost dead.
Saint Roka hits you with a +0 vorpal war axe!
* * * LOW HITPOINT WARNING * * *
x2 You hit Saint Roka.
You burn Saint Roka.
Saint Roka is almost dead.
You hit Saint Roka but do no damage.
You headbutt Saint Roka, but do no damage.
Saint Roka is almost dead.
Saint Roka hits you with a +0 vorpal war axe!!
You die...
Your body crumbles into a pile of gold.

..#####.......# ..#
#.......####### ###
###...##'##...##
#######'.....## #######
##.......##
#.....########.........#
#.....'......[.........#
'....#########.o)......#
##...## ##.@.....##
##.#'## ##.....## #.##.##
#####'#...##
#####.###...'###### ##
##'.......### .##
#...........####
..#####..............####
..'...'...........##....#
..#####.......######....##


You could see Saint Roka.

Vanquished Creatures
  Jorgrun (Orc:2)
  Asterion (Elf:1)
  An orc warlord (Orc:1)
  Nessos (Orc:2)
  Fannar (Orc:1)
  Erolcha (Orc:1)
  A two-headed ogre (D:11)
  8 dancing weapons
  5 orc high priests
  8 deep elf knights
  3 deep elf archers (Elf:1)
  9 orc knights
  11 deep elf zephyrmancers
  6 orc sorcerers
  19 deep elf pyromancers
  A cyclops (D:12)
  2 manticores
  Maurice (Orc:1)
  A rime drake (shapeshifter) (Elf:1)
  2 kobold demonologists
  A rime drake (IceCv)
  6 trolls
  A hornet (D:9)
  4 polar bears (IceCv)
  Prince Ribbit (D:5)
  An air elemental (Elf:1)
  A water elemental (Elf:1)
  3 shadows
  16 yaks
  A steam dragon (D:8)
  A fire elemental (Elf:1)
  Eustachio (D:5)
  2 vampire mosquitoes (D:11)
  4 wargs
  Edmund (D:4)
  2 water moccasins
  3 acid dragons
  Duvessa (D:5)
  38 orc warriors
  2 ice beasts
  2 black bears (D:9)
  15 wolves (IceCv)
  6 centaurs
  An ogre (shapeshifter) (Elf:1)
  11 ogres
  A phantom (D:7)
  3 bullfrogs
  3 kobold brigands
  6 scorpions
  4 necrophages
  2 gnoll sergeants
  Dowan (D:4)
  7 killer bees
  28 orc priests
  5 hounds
  3 jellies
  2 gnoll boudas
  Ijyb (D:5)
  4 iguanas
  14 orc wizards
  18 gnolls
  3 adders
  2 shadow imps
  A white imp (D:6)
  3 ufetubi
  A dart slug (D:2)
  69 orcs
  5 endoplasms
  3 giant cockroaches
  8 goblins
  2 hobgoblins (D:4)
  12 jackals
  20 kobolds
  3 quokkas
  4 ball pythons
  5 bats
  A frilled lizard (D:1)
  4 rats
456 creatures vanquished.

Vanquished Creatures (others)
  An orc wizard (D:10)
  A bat (D:3)
  A hobgoblin (D:3)
  7 fungi
  5 plants
15 creatures vanquished.

Grand Total: 471 creatures vanquished

Notes
Turn   | Place    | Note
-------+----------+-------------------------------------------
     0 | D:1      | Earthwalker the Minotaur Fighter began the quest for the
                  | Orb.
     0 | D:1      | Reached XP level 1. HP: 19/19 MP: 0/0
   339 | D:1      | Reached XP level 2. HP: 27/27 MP: 1/1
   621 | D:1      | Found a faded altar of an unknown god.
  1029 | D:2      | Reached XP level 3. HP: 30/33 MP: 2/2
  1071 | D:2      | Found a radiant altar of Vehumet.
  1177 | D:2      | Reached skill level 3 in Polearms
  1424 | D:2      | Identified the +2 leather armour "Gealad" {Int+3}
  1700 | D:3      | Reached skill level 1 in Dodging
  1724 | D:3      | Found Viagufim's Armour Shop.
  1767 | D:3      | Found a radiant altar of Vehumet.
  1907 | D:3      | Reached XP level 4. HP: 28/41 MP: 3/3
  2638 | D:4      | You fall into a shaft and drop 3 floors!
  2704 | D:7      | Reached skill level 4 in Polearms
  2704 | D:7      | Reached XP level 5. HP: 42/47 MP: 4/4
  2719 | D:6      | Noticed a water moccasin
  2875 | D:7      | Killed a water moccasin
  2876 | D:7      | Reached skill level 5 in Polearms
  2876 | D:7      | Reached skill level 5 in Armour
  2876 | D:7      | Reached XP level 6. HP: 42/53 MP: 5/5
  2913 | D:7      | Reached skill level 5 in Shields
  2988 | D:6      | Noticed an ice beast
  3062 | D:7      | Reached XP level 7. HP: 10/60 MP: 6/6
  3426 | D:7      | Reached skill level 5 in Fighting
  3426 | D:7      | Reached skill level 6 in Polearms
  3779 | D:7      | Found a blossoming altar of Fedhas.
  3959 | D:7      | Found a staircase to the Ecumenical Temple.
  3983 | D:5      | Entered Level 5 of the Dungeon
  3986 | D:5      | Noticed Ijyb
  4017 | D:5      | Killed Ijyb
  4022 | D:5      | Reached skill level 7 in Polearms
  4022 | D:5      | Reached XP level 8. HP: 30/69 MP: 7/7
  4876 | D:4      | Found a shadowy altar of Dithmenos.
  5748 | D:3      | Bought a +2 chain mail of positive energy for 185 gold
                  | pieces
  5799 | D:5      | Noticed Edmund
  5814 | D:4      | Killed Edmund
  5976 | D:5      | Noticed Duvessa
  5984 | D:5      | Noticed Dowan
  6046 | D:5      | Reached skill level 8 in Polearms
  6091 | D:5      | Killed Duvessa
  6102 | D:4      | Killed Dowan
  6210 | D:5      | Found a hide-covered altar of Uskayaw.
  6232 | D:5      | Noticed Prince Ribbit
  6348 | D:5      | Killed Prince Ribbit
  6349 | D:5      | Reached XP level 9. HP: 78/78 MP: 8/8
  6865 | D:6      | Noticed Eustachio
  6895 | D:5      | Killed Eustachio
  7118 | D:6      | Found an ornate altar of the Wu Jian Council.
  7643 | D:7      | Reached skill level 9 in Polearms
  7762 | D:7      | Found a glowing golden altar of the Shining One.
  8100 | Temple   | Entered the Ecumenical Temple
  8206 | Temple   | Became a worshipper of Gozag Ym Sagoz the Greedy
 10185 | D:9      | Reached skill level 10 in Armour
 10270 | D:9      | Found a stormy altar of Qazlal.
 10380 | D:9      | Reached skill level 1 in Stealth
 10523 | D:3      | Bought the +0 pair of gloves of Darkness {Will+ Regen+
                  | Slay+3} for 297 gold pieces
 10800 | D:9      | Found a sparkling altar of Nemelex Xobeh.
 10814 | D:9      | Noticed a kobold demonologist
 10823 | D:9      | Noticed a sun demon
 10829 | D:9      | Noticed a sixfirhy
 10888 | D:10     | Entered Level 10 of the Dungeon
 10936 | D:10     | Reached skill level 10 in Polearms
 10936 | D:10     | Reached XP level 10. HP: 51/88 MP: 9/9
 11366 | D:10     | Found a flagged portal.
 11881 | D:9      | Found a staircase to the Lair.
 12144 | D:9      | Reached skill level 11 in Polearms
 12200 | Lair:1   | Entered Level 1 of the Lair of Beasts
 12399 | Lair:1   | Noticed a black mamba
 12643 | D:11     | Noticed a two-headed ogre
 12674 | D:10     | Reached skill level 5 in Dodging
 12707 | D:11     | Killed a two-headed ogre
 12833 | D:11     | Noticed a manticore
 12872 | D:11     | Killed a manticore
 12873 | D:11     | Reached XP level 11. HP: 69/95 MP: 10/10
 12964 | D:11     | Reached skill level 12 in Polearms
 13220 | D:11     | Identified the +7 long sword "Imp's Undoing" {venom, MP-9
                  | Dex+8}
 13535 | D:11     | Found Hashien's Assorted Antiques.
 13545 | D:11     | Bought a scroll of identify for 58 gold pieces
 14180 | D:12     | Found a staircase to the Orcish Mines.
 14724 | Orc:1    | Entered Level 1 of the Orcish Mines
 15049 | Orc:1    | Noticed Fannar
 15098 | Orc:1    | Killed Fannar
 15163 | Orc:1    | Noticed Maurice
 15206 | Orc:1    | Killed Maurice
 15252 | Orc:1    | Noticed Erolcha
 15362 | Orc:1    | Killed Erolcha
 15363 | Orc:1    | Reached skill level 13 in Polearms
 15511 | Orc:1    | Noticed an orc sorcerer
 15512 | Orc:1    | Paralysed by an orc sorcerer for 3 turns
 15516 | Orc:1    | Noticed a sixfirhy
 15548 | Orc:1    | Killed an orc sorcerer
 15593 | Orc:1    | Found Dasaodgh's Antique Weapon Shoppe.
 15651 | Orc:1    | Found Teel Cus's Jewellery Emporium.
 15661 | Orc:1    | Bought the amulet "Gitt" {Faith rN+} for 563 gold pieces
 15802 | Orc:1    | Found Suvixa's Magic Scroll Emporium.
 15810 | Orc:1    | Reached skill level 10 in Fighting
 15815 | Orc:1    | Bought a scroll of identify for 20 gold pieces
 15815 | Orc:1    | Bought a scroll of identify for 20 gold pieces
 15844 | Orc:1    | Noticed an orc warlord
 15845 | Orc:1    | Noticed an orc knight
 15956 | Orc:1    | Bought the ring of the Bull {Will+ EV+4 Int+3 Dex+6} for
                  | 742 gold pieces
 16090 | Orc:2    | Entered Level 2 of the Orcish Mines
 16090 | Orc:2    | Noticed an orc sorcerer
 16108 | Orc:1    | Paralysed by an orc sorcerer for 4 turns
 16115 | Orc:1    | Killed an orc sorcerer
 16255 | Orc:2    | Noticed an orc sorcerer
 16298 | Orc:1    | Killed an orc sorcerer
 16324 | Orc:2    | Found Ciarios's General Store.
 16421 | Orc:2    | Found a staircase to the Elven Halls.
 16435 | Orc:2    | Found Comutwir's Assorted Antiques.
 16457 | Orc:2    | Bought a potion of heal wounds for 135 gold pieces
 16493 | Orc:2    | Noticed Jorgrun
 16519 | Orc:2    | Killed Jorgrun
 16520 | Orc:2    | Reached skill level 14 in Polearms
 16520 | Orc:2    | Reached XP level 12. HP: 44/107 MP: 11/11
 16619 | Orc:2    | Found a frozen archway.
 16673 | Orc:2    | Found Ivuciem's Assorted Antiques.
 16700 | Orc:2    | Bought a scroll labelled COPOUS TOSOWKU for 32 gold pieces
 16700 | Orc:2    | Bought a scroll of identify for 64 gold pieces
 16730 | IceCv    | Entered an ice cave
 16912 | IceCv    | Reached skill level 10 in Shields
 17171 | IceCv    | Noticed a death yak
 17171 | IceCv    | Noticed a death yak
 17322 | Orc:2    | Found Mizxu's Magic Scroll Boutique.
 17385 | Orc:2    | Found Kaptora's Antique Armour Shoppe.
 17518 | Orc:2    | Noticed Nessos
 17690 | Orc:2    | Gained mutation: You are dopey. (Int -2) [a neqoxec]
 18024 | Orc:2    | Killed Nessos
 18299 | Orc:2    | Noticed an orc high priest
 18501 | Orc:1    | Killed an orc warlord
 19258 | Orc:2    | Noticed an orc high priest
 19303 | Orc:1    | Killed an orc high priest
 19304 | Orc:1    | Reached skill level 15 in Polearms
 19339 | Orc:2    | Noticed an orc high priest
 19379 | Orc:2    | Killed an orc high priest
 19380 | Orc:2    | Reached XP level 13. HP: 91/118 MP: 12/12
 20041 | Orc:2    | Found Tygius's Distillery.
 20041 | Orc:2    | Found Cofump's Armour Shoppe.
 20042 | Orc:2    | Found Pucaor's Book Shoppe.
 20042 | Orc:2    | Found Goingy's General Store.
 20050 | Orc:2    | Bought a potion of curing for 42 gold pieces
 20050 | Orc:2    | Bought a potion of heal wounds for 70 gold pieces
 20050 | Orc:2    | Bought a potion of heal wounds for 70 gold pieces
 20060 | Orc:2    | Bought a +1 pair of boots for 195 gold pieces
 20060 | Orc:2    | Bought a scroll of identify for 34 gold pieces
 20060 | Orc:2    | Bought a +0 cloak of stealth for 195 gold pieces
 20209 | Elf:1    | Entered Level 1 of the Elven Halls
 21295 | Elf:1    | Reached XP level 14. HP: 115/130 MP: 13/13
 21353 | Elf:1    | Reached skill level 16 in Polearms
 21370 | Elf:1    | Paralysed by an air elemental for 1 turns
 21981 | Elf:1    | Noticed Asterion
 21999 | Elf:1    | Noticed a balrug
 22226 | Elf:1    | Killed Asterion
 22676 | Elf:2    | Noticed Saint Roka
 22704 | Elf:2    | Reached skill level 15 in Armour
 23022 | Elf:1    | Slain by Saint Roka

Illustrated notes

Levels and vault maps discovered:
D:1:      wander_arrival_desolate, layout_loops_ring,
          dreamdust_ecumenical_altar_angels_and_demons, due_unseen_surprise
D:2:      layout_rooms, basic_altar
D:3:      layout_loops_ring, fiery_altar_vehumet, serial_shops,
          nicolae_shop_statue_plus, grunt_decor_fettered
D:4:      layout_layer_cave, lemuel_doored_altar
D:5:      layout_cave_pools, mainiacjoe_overflow_chevrons, minivault_5,
          uniq_duvessa, uniq_ijyb, uniq_edmund, uniq_prince_ribbit1
D:6:      layout_rooms, nicolae_wu_jian_immortal_techniques, uniq_eustachio
D:7:      layout_basic, mainiacjoe_overflow_surrounded_room,
          mainiacjoe_overflow_brackets, minmay_temple_entry_sparse_star,
          grunt_ministairs_14
D:8:      layout_layer_cave
D:9:      layout_cave_pools, nemelex_xobeh_ov_fountains_minmay,
          mainiacjoe_overflow_six_doors_small, grunt_lair_entry_orc_guard_hut
D:10:     layout_cave_pools, enter_bailey_5, grunt_ministairs_5
D:11:     layout_roguey, serial_shops, shop
D:12:     layout_basic, orc_0_dummy, lemuel_flamethrower_3
Temple:   dpeg_chambers_temple
Lair:1:   lemuel_reptile_caves, layout_layer_cave, lemuel_fruit_fields,
          lemuel_fruit_fields, uniq_maggie
Orc:1:    cheibrodos_orc_arena, layout_diamond_mine, serial_shops, shop_statue,
          nicolae_shop_advertising_works [nicolae_subvault_shop_adworks],
          nicolae_shop_stone, uniq_erolcha, uniq_fannar, uniq_maurice
Orc:2:    st_orc_pillars, layout_diamond_mine, portal_ice_cave_entry_pillars_1,
          serial_shops, nicolae_shop_behind_doors, nicolae_shop_window_shopping,
          shop, nicolae_diamond_shop, nicolae_shop_behind_doors, uniq_jorgrun,
          uniq_nessos
Elf:1:    nicolae_elf_arrival_no_cutting_in_line, layout_geoelf_octagon,
          hangedman_elven_crosses_minicolossus, uniq_asterion
Elf:2:    nicolae_elf_blades_splatter_lattice
          [nicolae_blade_entry_diamond_columns], layout_geoelf_diagonals,
          serial_shops, nicolae_shop_crystal, basic_altar, uniq_saint_roka

Skill      XL: |  1  2  3  4  5  6  7  8  9 10 11 12 13 14 |
---------------+-------------------------------------------+-----
Shields        | 4 5 6 7 8 9 11 13 | 13.9
Armour         | 4 5 6 8 10 11 12 13 14 15 | 15.0
Fighting       | 4 5 6 7 8 10 12 13 14 | 14.7
Polearms       | 3 4 5 7 8 10 11 14 15 16 | 16.4
Dodging        | 1 2 3 4 5 6 7 |  7.7
Stealth        | 1 2 |  2.6

Action                   |  1- 3 |  4- 6 |  7- 9 | 10-12 | 13-15 || total
-------------------------+-------+-------+-------+-------+-------++-------
Melee: Trident           |   104 |    60 |   348 |   824 |   503 ||  1839
       Headbutt          |    14 |    12 |    70 |   207 |   128 ||   431
  Use: Scroll            |     3 |     4 |    12 |     9 |     4 ||    32
       Potion            |       |       |     2 |     4 |       ||     6
 Stab: Distracted        |       |       |       |     3 |       ||     3
Armor: Scale mail        |    39 |    38 |    34 |       |       ||   111
       Chain mail        |       |       |   122 |   211 |    99 ||   432
Dodge: Dodged            |    38 |    51 |   129 |   277 |   173 ||   668
Block: Buckler           |    27 |    28 |   109 |   259 |   144 ||   567
